 Dungeon Crawl Stone Soup version 0.30.0-18-gc0e69614cb (webtiles) character file.

Game seed: 9597789249551919273

219 KittyFluff the Cudgeller (level 5, -2/33 HPs)
             Began as a Gargoyle Berserker on May 24, 2023.
             Was a Believer of Trog.
             Killed from afar by an orc wizard (10 damage)
             ... with a puff of flame
             ... on level 3 of the Dungeon.
             The game lasted 00:09:24 (2109 turns).

KittyFluff the Cudgeller (Gargoyle Berserker)       Turns: 2109, Time: 00:09:25

Health: -2/33      AC: 11    Str: 20    XL:     5   Next: 96%
Magic:  5/5        EV: 12    Int:  8    God:    Trog [**....]
Gold:   101        SH:  0    Dex: 11    Spells: 4/4 levels left

rFire   . . .        a - +0 mace
rCold   . . .        (no shield)
rNeg    + . .        b - +0 animal skin
rPois   ∞            (no helmet)
rElec   +            (no cloak)
rCorr   +            (no gloves)
SInv    .            o - +0 pair of boots
Will    .....        (no amulet)
Stlth   +            i - ring of resist corrosion
HPRegen 0.25/turn    w - +4 ring of protection
MPRegen 0.09/turn

%: no passive effects
@: no status effects
A: sickness immunity, AC +4, negative energy resistance 1, electricity
resistance, torment resistance 1, petrification resistance
a: Renounce Religion, Berserk, Trog's Hand


You were on level 3 of the Dungeon.
You worshipped Trog.
Trog was pleased with you.
You visited 1 branch of the dungeon, and saw 3 of its levels.

You collected 114 gold pieces.
You spent 13 gold pieces at shops.

Inventory:

Hand Weapons
 a - a +0 mace (weapon)
 f - a +0 sling
Armour
 b - a +0 animal skin (worn)
 o - a +0 pair of boots (worn)
Jewellery
 i - a ring of resist corrosion (left hand)
 q - a ring of protection from cold
 w - a +4 ring of protection (right hand)
Scrolls
 g - a scroll of poison {unknown}
 h - 2 scrolls of teleportation
 j - 2 scrolls of noise {unknown}
 k - a scroll of immolation {unknown}
 l - a scroll of amnesia {unknown}
 n - a scroll of enchant weapon {unknown}
 t - a scroll of brand weapon {unknown}
 u - a scroll of butterflies {unknown}
Potions
 c - a potion of berserk rage {unknown}
 d - a potion of invisibility {unknown}
 e - a potion of lignification {unknown}
 m - a potion of might {unknown}
 p - 2 potions of flight {unknown}
 r - a potion of heal wounds {unknown}
 s - 4 potions of magic {unknown}
 v - a potion of degeneration


   Skills:
 + Level 4.2 Fighting
 + Level 5.0 Maces & Flails
 * Level 3.3 Armour
 + Level 2.1 Dodging
 + Level 0.2 Stealth


You had 4 spell levels left.
You didn't know any spells.
Your spell library was empty.

Dungeon Overview and Level Annotations

Branches:
Dungeon (3/15)

Altars:

Shops:
D:1 ?[*(*   D:2 !


Innate Abilities, Weirdness & Mutations

You are immune to sickness and miasma.
Your stone body is resilient. (AC +4)
You are immune to poison.
You resist negative energy. (rN+)
You are resistant to electric shocks. (rElec)
You are resistant to unholy torment.
You are immune to petrification.


Message History

You closely miss something.
You hear some strange, mumbled words.
You are confused.
You're too confused to move!
Something hits you but does no damage.
You bump into the rock wall.
Something hits you.
* * * LOW HITPOINT WARNING * * *
You bump into the rock wall.
You hear some strange, mumbled words.
A puff of flame appears from out of thin air!
The puff of flame hits you but does no damage.
You miss something. Something hits you but does no damage. Something hits you.
* * * LOW HITPOINT WARNING * * *
You bump into the rock wall.
Something hits you but does no damage.
You bump into the rock wall.
Something hits you but does no damage.
You closely miss something.
You feel less confused. Something hits you but does no damage.
You hit something. Something hits you but does no damage.
You closely miss something. Something barely misses you.
You completely miss something. Something hits you but does no damage.
You miss something. Something hits you but does no damage.
You barely miss something.
Something hits you but does no damage. x2
You miss something. Something hits you.
* * * LOW HITPOINT WARNING * * *
You hit something. Something hits you but does no damage.
You closely miss something. Something hits you but does no damage.
You completely miss something. Something hits you but does no damage.
You closely miss something. Something barely misses you.
You miss something. Something hits you but does no damage.
You closely miss something. Something hits you.
* * * LOW HITPOINT WARNING * * *
You hear some strange, mumbled words.
Something tries to affect you, but you resist.
You hit something but do no damage. Something hits you.
* * * LOW HITPOINT WARNING * * *
You miss something.
You hear some strange, mumbled words.
A puff of flame appears from out of thin air!
The puff of flame hits you!
You die...

### # ..# .###.#
....# ########## #.#
#..# #........#
o....#..####.######.#
#.....{@.......##.#
#....#..####(###.##.#
#.......# #........#
#$...#.## #####.####
#...... ##.## ###.###
##...## # ###.###.#
#... #.# #.#.###.#


There were no monsters in sight!

Vanquished Creatures
  Sigmund (D:2)
  A worm (D:2)
  4 dart slugs
  4 orcs (D:3)
  5 ball pythons
  An endoplasm (D:2)
  2 giant cockroaches
  4 goblins (D:1)
  2 hobgoblins
  4 jackals (D:3)
  4 quokkas
  3 bats
  2 frilled lizards (D:1)
  4 kobolds
  3 rats
44 creatures vanquished.

Notes
Turn   | Place    | Note
-------+----------+-------------------------------------------
     0 | D:1      | KittyFluff the Gargoyle Berserker began the quest for the
                  | Orb.
     0 | D:1      | Reached XP level 1. HP: 14/14 MP: 1/1
    11 | D:1      | Found Erojuxti's General Store.
    13 | D:1      | Found Kabluh's Antique Weapon Boutique.
   163 | D:1      | Reached XP level 2. HP: 19/19 MP: 2/2
   227 | D:1      | Found Birihyofo's General Store.
   337 | D:1      | Found Fovadamo's Magic Scroll Shoppe.
   558 | D:1      | Found Dutoigg's Antique Armour Boutique.
   774 | D:1      | Reached XP level 3. HP: 23/23 MP: 3/3
  1157 | D:2      | Noticed Sigmund
  1171 | D:2      | Killed Sigmund
  1172 | D:2      | Reached skill level 4 in Maces & Flails
  1172 | D:2      | Reached XP level 4. HP: 9/29 MP: 4/4
  1172 | D:2      | Reached XP level 5. HP: 11/33 MP: 5/5
  1607 | D:2      | Reached ** piety under Trog
  1731 | D:2      | Found Natzefongir's Distillery.
  1746 | D:2      | Bought a potion of degeneration for 13 gold pieces
  2055 | D:3      | Reached skill level 5 in Maces & Flails
  2109 | D:3      | Killed from afar by an orc wizard

Illustrated notes

Levels and vault maps discovered:
D:1:      noname_arrival_rooms_in_the_neighbourhood, layout_basic,
          serial_forest, infiniplex_forest_straight_2,
          infiniplex_forest_straight_2, infiniplex_forest_lined_4_way,
          infiniplex_forest_lined_2, infiniplex_forest_straight_5,
          infiniplex_forest_lined_3, serial_shops, nicolae_shop_stone,
          nicolae_square_shop, shop, shop, shop, minmay_misc_feat_plants
D:2:      layout_loops_ring, serial_shops, nicolae_shop_stone, uniq_sigmund
D:3:      layout_loops_corners, ashenzari_conservatory_becter

Skill      XL: |  1  2  3  4  5 |
---------------+----------------+-----
Fighting       | 4 |  4.2
Maces & Flails | 4 5 |  5.0
Armour         | 3 |  3.3
Dodging        | 2 |  2.1
Stealth        | |  0.2

Action                     |  1- 3 |  4- 6 || total
---------------------------+-------+-------++-------
  Melee: Mace              |    69 |   120 ||   189
    Use: Scroll            |       |     1 ||     1
 Armour: Animal skin       |    21 |    64 ||    85
  Dodge: Dodged            |    44 |    67 ||   111
